 Dungeon Crawl Stone Soup version 0.31-a0-165-g3f4f80340b (webtiles) character file.

Game seed: 10829821820237615805

398 qw the Chopper (level 6, 0/38 HPs)
             Began as a Gargoyle Fighter on June 13, 2023.
             Slain by Sigmund
             ... wielding a +2 scythe of protection
              (6 damage)
             ... on level 5 of the Dungeon.
             The game lasted 00:01:54 (3556 turns).

qw the Chopper (Gargoyle Fighter)                   Turns: 3556, Time: 00:01:55

Health: 0/38       AC:  7    Str: 21      XL:     6   Next: 83%
Magic:  0/6        EV:  5    Int: 12      God:
Gold:   35         SH:  4    Dex:  8 (9)  Spells: 5/5 levels left

rFire   . . .        Y - +0 war axe
rCold   . . .        c - +0 buckler
rNeg    + . .        h - +0 plate armour
rPois   inf          a - +2 hat {Int+3}
rElec   +            (no cloak)
rCorr   .            (no gloves)
SInv    .            g - +0 pair of boots
Will    +....        l - amulet of guardian spirit Stlth
                     f - ring of willpower
HPRegen 0.26/turn    (no ring)
MPRegen 0.10/turn

%: guardian spirit
@: corroded
A: sickness immunity, AC +4, negative energy resistance 1, electricity
resistance, torment resistance 1, petrification resistance
a: no special abilities


You were on level 5 of the Dungeon.
You visited 1 branch of the dungeon, and saw 5 of its levels.

You collected 87 gold pieces.
You spent 52 gold pieces at shops.


Innate Abilities, Weirdness & Mutations

You are immune to sickness and miasma.
Your stone body is resilient. (AC +4)
You are immune to poison.
You resist negative energy. (rN+)
You are resistant to electric shocks. (rElec)
You are resistant to unholy torment.
You are immune to petrification.


   Skills:
 - Level 4.2 Fighting
 - Level 6.0 Axes
 + Level 3.3 Armour
 - Level 3.2 Shields


You had 5 spell levels left.
You didn't know any spells.
Your spell library was empty.

Inventory:

Hand Weapons
 o - a +0 mace
 Y - a +0 war axe (weapon)
Armour
 a - a +2 hat of intelligence (worn)
 c - a +0 buckler (worn)
 g - a +0 pair of boots (worn)
 h - a +0 plate armour (worn)
Jewellery
 f - a ring of willpower (left hand)
 l - an amulet of guardian spirit (around neck)
Scrolls
 b - a scroll of identify
 i - 3 scrolls of teleportation
Potions
 d - a potion of might
 e - 4 potions of curing
 k - a potion of lignification
 m - a potion of cancellation
 p - a potion of enlightenment {unknown}

Dungeon Overview and Level Annotations

Branches:
Dungeon (5/15)
 Temple: D:4-7

Altars:
Yredelemnul

Shops:
D:2 ?   D:4 *

Annotations:
D:4 2 transporters
D:5 Sigmund


Message History

You slash the white imp!
You kill the white imp!
You closely miss the ufetubus. You hit the shadow imp. You hit the white imp.
You block the ufetubus's attack. The ufetubus hits you.
The shadow imp hits you. Sigmund hits you but does no damage.
The white imp completely misses you. The ufetubus hits you.
You block the ufetubus's attack.
You closely miss the shadow imp.
The shadow imp is severely wounded.
You barely miss the ufetubus. You hit the white imp. You slash the jelly!
Your hands burn!
The ufetubus barely misses you. The ufetubus completely misses you.
The shadow imp hits you but does no damage.
The white imp hits you but does no damage.
The jelly hits you but does no damage.
The ufetubus hits you but does no damage.
The ufetubus barely misses you. You block Sigmund's attack.
You closely miss the shadow imp.
The shadow imp is severely wounded.
You closely miss the white imp. You hit the jelly. The acid corrodes you!
Your hands burn!
You closely miss the ufetubus. The ufetubus hits you.
You block the ufetubus's attack.
The shadow imp hits you but does no damage.
The white imp completely misses you. The jelly hits you but does no damage.
The ufetubus hits you.
The ufetubus hits you but does no damage.
The white imp barely misses you. The jelly hits you. The acid corrodes you!
You are splashed with acid!
Sigmund casts a spell.
Sigmund flickers and vanishes!
Deactivating autopickup; reactivate with Ctrl-A.
The shadow imp barely misses you.
You hit the jelly but do no damage. The acid corrodes you!
Your hands burn!
The jelly is severely wounded.
You hit the shadow imp but do no damage.
You barely miss the white imp. You barely miss the ufetubus.
The ufetubus closely misses you. You block the ufetubus's attack.
The shadow imp hits you but does no damage.
The white imp hits you. The white imp freezes you. The jelly barely misses you.
Something hits you.
You die...

.........
#........ #
#.......# #.
#......## #..##
##.......#
.....###.........
#......<.......
#........##....
##..5@Y...# #
#$..J55.......
#..{..........
.................
.................
#................
#....\..........
........##.....


You could see an ice beast, a jelly, a white imp, a shadow imp and an ufetubus.

Vanquished Creatures
  A phantom (D:4)
  A quasit (D:5)
  A hound (D:4)
  2 orc priests (D:3)
  Natasha (twice) (D:3)
  2 adders
  3 gnolls (D:3)
  A white imp (D:5)
  A worm (D:4)
  3 dart slugs (D:1)
  3 orcs
  7 endoplasms
  4 giant cockroaches
  5 goblins
  11 hobgoblins
  3 jackals (D:1)
  3 quokkas
  10 ball pythons
  4 bats
  5 frilled lizards
  14 kobolds
  7 rats
  A spectral orc (D:3)
94 creatures vanquished.

Notes
Turn   | Place    | Note
-------+----------+-------------------------------------------
     0 | D:1      | qw the Gargoyle Fighter began the quest for the Orb.
     0 | D:1      | Reached XP level 1. HP: 14/14 MP: 1/1
     0 | D:1      | 0 ||| qw: Version: 0.2-a-29-gc1b59c4
     0 | D:1      | 0 ||| qw: Game counter: 4660
     0 | D:1      | 0 ||| qw: Always use a shield: true
     0 | D:1      | 0 ||| qw: God list: Okawaru
     0 | D:1      | 0 ||| qw: Allow faded altars: false
     0 | D:1      | 0 ||| qw: Do Orc after D:15 true
     0 | D:1      | 0 ||| qw: Do second Lair branch before Depths: true
     0 | D:1      | 0 ||| qw: Lair rune preference: random
     0 | D:1      | 0 ||| qw: Plans: Normal, Zot:1-4, Slime:5, God:TSO, Crypt,
                  | Tomb, Abyss, Pan, Hells, Win
     0 | D:1      | 0 ||| PLANNING D:1-11
   151 | D:1      | Reached skill level 2 in Axes
   165 | D:1      | 165 ||| Stepping ~*~*~tactically~*~*~ (stealth).
   175 | D:1      | Reached XP level 2. HP: 16/19 MP: 2/2
   250 | D:1      | 250 ||| Stepping ~*~*~tactically~*~*~ (hiding).
   304 | D:1      | 304 ||| Stepping ~*~*~tactically~*~*~ (hiding).
   311 | D:1      | Reached skill level 3 in Axes
   409 | D:1      | Reached XP level 3. HP: 10/23 MP: 3/3
   472 | D:1      | 472 ||| Stepping ~*~*~tactically~*~*~ (hiding).
   558 | D:1      | 558 ||| Stepping ~*~*~tactically~*~*~ (stealth).
   560 | D:1      | 560 ||| Stepping ~*~*~tactically~*~*~ (stealth).
   742 | D:1      | 742 ||| UPGRADING to +0 chain mail.
   752 | D:1      | 752 ||| DROPPING +0 scale mail.
   753 | D:1      | 753 ||| UPGRADING to +0 plate armour.
   763 | D:1      | 763 ||| DROPPING +0 chain mail.
   764 | D:1      | 764 ||| READING scroll labelled TYUNAG GOVA.
   780 | D:1      | 780 ||| READING scroll labelled IMI POCVANWISA.
   780 | D:1      | Identified a scroll of acquirement
   780 | D:1      | 780 ||| ACQUIRING +2 hat of intelligence
   780 | D:1      | Acquired a +2 hat of intelligence
   782 | D:1      | 782 ||| UPGRADING to +2 hat of intelligence.
   787 | D:1      | 787 ||| READING scroll labelled SUUTAMACZEDI.
  1090 | D:2      | 1090 ||| DROPPING +0 club.
  1093 | D:2      | Found Uraidib's Magic Scroll Shop.
  1110 | D:2      | 1110 ||| SHOPLISTING scroll of acquirement (676 gold, have
                  | 54).
  1110 | D:2      | 1110 ||| SHOPLISTING scroll of brand weapon (123 gold, have
                  | 54).
  1110 | D:2      | 1110 ||| SHOPLISTING scroll of enchant armour (97 gold,
                  | have 54).
  1110 | D:2      | 1110 ||| BUYING scroll of identify (26 gold).
  1110 | D:2      | Bought a scroll of identify for 26 gold pieces
  1110 | D:2      | 1110 ||| BUYING scroll of identify (26 gold).
  1110 | D:2      | Bought a scroll of identify for 26 gold pieces
  1110 | D:2      | 1110 ||| SHOPLISTING scroll of teleportation (39 gold, have
                  | 2).
  1257 | D:2      | Reached XP level 4. HP: 28/28 MP: 4/4
  1464 | D:2      | Found a faded altar of an unknown god.
  1464 | D:2      | Noticed a balrug
  1546 | D:2      | Reached skill level 4 in Axes
  1742 | D:2      | 1742 ||| UPGRADING to ring of willpower.
  1743 | D:2      | 1743 ||| READING scroll labelled VIXKA MOIK.
  1744 | D:2      | 1744 ||| READING scroll labelled RELYRO CIPT.
  1745 | D:2      | 1745 ||| READING 4 scrolls of identify.
  1745 | D:2      | 1745 ||| IDENTIFYING glowing red potion
  1746 | D:2      | 1746 ||| READING 3 scrolls of identify.
  1746 | D:2      | 1746 ||| IDENTIFYING fuming yellow potion
  1747 | D:2      | 1747 ||| READING 2 scrolls of identify.
  1747 | D:2      | 1747 ||| IDENTIFYING fuming grey potion
  1748 | D:2      | 1748 ||| DROPPING potion of degeneration.
  1934 | D:3      | 1934 ||| Stepping ~*~*~tactically~*~*~ (stealth).
  1935 | D:3      | 1935 ||| Stepping ~*~*~tactically~*~*~ (stealth).
  1939 | D:3      | 1939 ||| Stepping ~*~*~tactically~*~*~ (stealth).
  1970 | D:3      | Found a basalt altar of Yredelemnul.
  2240 | D:3      | Noticed Natasha
  2247 | D:3      | Killed Natasha
  2248 | D:3      | Reached XP level 5. HP: 32/32 MP: 5/5
  2346 | D:3      | 2346 ||| Stepping ~*~*~tactically~*~*~ (hiding).
  2347 | D:3      | 2347 ||| Stepping ~*~*~tactically~*~*~ (hiding).
  2348 | D:3      | 2348 ||| Stepping ~*~*~tactically~*~*~ (hiding).
  2481 | D:3      | 2481 ||| Stepping ~*~*~tactically~*~*~ (stealth).
  2490 | D:3      | Reached skill level 5 in Axes
  2490 | D:3      | 2490 ||| FLEEEEING.
  2493 | D:3      | 2493 ||| Stepping ~*~*~tactically~*~*~ (hiding).
  2631 | D:3      | 2631 ||| UPGRADING to amulet of guardian spirit.
  2636 | D:3      | 2636 ||| READING scroll labelled XOWIORGHICU.
  2648 | D:3      | Noticed Natasha
  2653 | D:3      | Killed Natasha
  2654 | D:3      | Reached XP level 6. HP: 38/38 MP: 6/6
  2745 | D:4      | Found a transporter.
  2746 | D:4      | Found Zoal's Assorted Antiques.
  2834 | D:4      | Found a transporter.
  2935 | D:4      | 2935 ||| DROPPING +0 whip.
  3520 | D:4      | 3520 ||| UPGRADING to +0 pair of boots.
  3525 | D:4      | 3525 ||| READING scroll labelled POCWOE FIRE.
  3526 | D:4      | 3526 ||| READING 2 scrolls labelled MEQILLIUDO.
  3527 | D:4      | 3527 ||| READING 2 scrolls of identify.
  3527 | D:4      | 3527 ||| IDENTIFYING blue potion
  3528 | D:4      | 3528 ||| DROPPING scroll of revelation.
  3545 | D:5      | Entered Level 5 of the Dungeon
  3546 | D:5      | 3546 ||| PLANNING OSSUARY
  3548 | D:5      | Noticed Sigmund
  3551 | D:5      | Noticed an ice beast
  3553 | D:5      | Reached skill level 6 in Axes
  3556 | D:5      | HP: 8/38 [acid (3)]
  3556 | D:5      | Slain by Sigmund

Levels and vault maps discovered:
D:1:      mrwooster_arrival_statue_3, layout_basic
D:2:      layout_basic, dreamdust_ecumenical_altar_sealed_demon, serial_shops,
          shop
D:3:      layout_rooms, yredelemnul_forgotten_temple_becter,
          serial_corexii_hall, chequers_hall_statues_y, chequers_hall_statues_y,
          corexii_hall_statues_x, chequers_hall_statues_corner_a,
          chequers_hall_statues_corner_a, chequers_hall_statues_y, uniq_natasha
D:4:      layout_gridville, serial_shops, nicolae_shop_drivethru
D:5:      layout_cave_pools, nicolae_ossuary_entry_monument, serial_demonic,
          serial_demonic_b, serial_demonic_e, serial_demonic_c,
          serial_demonic_d, ebering_ghost_sewer_d, uniq_sigmund, uniq_duvessa,
          uniq_edmund, uniq_ijyb

Skill      XL: |  1  2  3  4  5  6 |
---------------+-------------------+-----
Axes           | 2 3 4 5 6 |  6.0
Fighting       | 4 |  4.2
Armour         | |  3.3
Shields        | |  3.2

Action                     |  1- 3 |  4- 6 || total
---------------------------+-------+-------++-------
  Melee: War axe           |   119 |   162 ||   281
    Use: Scroll            |     3 |     9 ||    12
 Armour: Scale mail        |    46 |       ||    46
         Plate armour      |    18 |   139 ||   157
  Dodge: Dodged            |    44 |    47 ||    91
  Block: Buckler           |    28 |    37 ||    65

Table legend:
 A = Non-vault XP
 B = Vault XP
 C = Vault XP percentage of total XP
 D = Non-vault monster count
 E = Vault monster count
 F = Vault count percentage of total count
                 A         B        C        D         E       F
            +---------+---------+-------+---------+---------+-------
      Total |     475 |      94 |  16.5 |      90 |       4 |   4.3
            +---------+---------+-------+---------+---------+-------
        D:1 |      61 |       0 |   0.0 |      34 |       0 |   0.0
        D:2 |      43 |       0 |   0.0 |      18 |       0 |   0.0
        D:3 |     210 |      37 |  15.0 |      29 |       2 |   6.5
        D:4 |     161 |       0 |   0.0 |       9 |       0 |   0.0
        D:5 |       0 |      57 | 100.0 |       0 |       2 | 100.0
            +---------+---------+-------+---------+---------+-------
